 Dungeon Crawl Stone Soup version 0.27-a0-887-gcab673c (webtiles) character file.

Game seed: 2291266628818321858

425 TheGoonsmith the Chopper (level 6, -1/44 (57) HPs)
             Began as a Deep Dwarf Fighter on Apr 4, 2021.
             Was an Initiate of Makhleb.
             Slain by a wight
             ... wielding a +2 vampiric battleaxe
              (11 damage)
             ... on level 4 of the Dungeon.
             The game lasted 00:05:38 (2422 turns).

TheGoonsmith the Chopper (Deep Dwarf Fighter)       Turns: 2422, Time: 00:05:40

HP:   -1/44 (57)    AC:  7    Str: 21    XL:     6   Next: 64%
MP:   4/4           EV: 11    Int:  8    God:    Makhleb [......]
Gold: 144           SH:  9    Dex: 13    Spells: 5/5 levels left

rFire    . . .     SeeInvis .   a - +0 war axe (flame)
rCold    . . .     Faith    .   c - +0 kite shield
rNeg     . . .     Spirit   .   b - +0 scale mail
rPois    .         Reflect  .   (no helmet)
rElec    .         Harm     .   (no cloak)
rCorr    .         Rampage  .   (no gloves)
Will     .....                  (no boots)
Stlth    ..........             (no amulet)
HPRegen  0.00/turn              e - +4 ring of evasion
MPRegen  0.09/turn              g - +4 ring of slaying

@: non-regenerating, heavily drained
A: damage resistance, heal wounds, sense surroundings 1, no regeneration
a: Heal Wounds, Renounce Religion


You were on level 4 of the Dungeon.
You worshipped Makhleb.
Makhleb was noncommittal.
You visited 2 branches of the dungeon, and saw 5 of its levels.

You collected 144 gold pieces.

Inventory:

Hand Weapons
 a - a +0 war axe of flaming (weapon)
Armour
 b - a +0 scale mail (worn)
 c - a +0 kite shield (worn)
Jewellery
 e - a +4 ring of evasion (left hand)
 g - a +4 ring of slaying (right hand)
 n - an amulet of regeneration
Wands
 i - a wand of acid (13)
Scrolls
 d - a scroll of identify {unknown}
 h - a scroll of teleportation {unknown}
 m - a scroll of noise {unknown}
Potions
 f - 2 potions of lignification {unknown}
 j - 2 potions of heal wounds {unknown}
 k - a potion of cancellation {unknown}
 l - 2 potions of berserk rage


   Skills:
 + Level 4.1 Fighting
 * Level 5.8 Axes
 - Level 5.0 Armour
 - Level 3.2 Shields


You had 5 spell levels left.
You didn't know any spells.
Your spell library contained the following spells:

 Spells                   Type           Power      Damage    Failure   Level
 Magic Dart               Conj           0%         1d3       99%         1
 Blink                    Tloc           N/A        N/A       100%        2
 Call Imp                 Summ           0%         N/A       100%        2
 Slow                     Hex            0%         N/A       100%        2
 Conjure Flame            Conj/Fire      0%         6-21      100%        3
 Mephitic Cloud           Conj/Pois/Air  0%         N/A       100%        3


Dungeon Overview and Level Annotations

Branches:
Dungeon (4/15)             Temple (1/1) D:4

Altars:
Ashenzari
Cheibriados
Dithmenos
Elyvilon
Fedhas
Gozag
Hepliaklqana
Makhleb
Okawaru
Qazlal
Ru
Sif Muna
Trog
Vehumet
Yredelemnul
Zin
The Shining One


Innate Abilities, Weirdness & Mutations

You are resistant to damage.
You can heal yourself by infusing magical energy.
You passively map a small area around you.
You do not regenerate.


Message History

The wight is lightly damaged.
The wight hits you from afar with a +0 trident.
Unknown command.
The wight hits you with a +2 vampiric battleaxe!
* * * LOW HITPOINT WARNING * * *
You feel drained.
* * * LOW HITPOINT WARNING * * *
The wight barely misses you. The wight closely misses you.
Okay, then.
You feel much better.
The wight hits you with a +2 vampiric battleaxe!
The wight closely misses you.
The wight hits you with a +4 great sword!
* * * LOW HITPOINT WARNING * * *
You feel drained.
Your magical essence is drained by the effort!
You feel much better. The wight closely misses you.
The wight hits you with a +0 trident!
You feel drained. You block the wight's attack.
You closely miss the wight.
The wight is lightly damaged.
You hit the wight. You burn the wight. You hit the wight. You burn the wight.
The wight misses you. The wight hits you with a +0 trident!
You feel drained. You block the wight's attack.
The wight hits you but does no damage. You block the wight's attack.
You hit the wight. You burn the wight.
The wight is heavily damaged.
You hit the wight. You burn the wight. You hit the wight but do no damage.
You block the wight's attack. The wight misses you.
You block the wight's attack.
The wight hits you with a +4 great sword.
You feel drained.
You hit the wight but do no damage.
The wight is heavily damaged.
You hit the wight. You burn the wight. You hit the wight but do no damage.
The wight barely misses you. You block the wight's attack.
The wight hits you with a +4 great sword!
* * * LOW HITPOINT WARNING * * *
The wight hits you with a +2 vampiric battleaxe!
You die...

..## #. * ......#
#..## #..* #.....#
##..### ##..#*
#.....###
##...###....#
##........
##...##.....#
##......#
#....#*#....###
##......# ##..)#
#..<.#####.......# *
# ##...#
###zz............#*
####.(..#
##@z...........# ,
....###'###
##)........(..#
#...#.....#
#.............#
##..#.#'#.###
##...#########.#
##..'.#>#.'.###..###
##*
#...#.###.#.##..##
#.)##.....#.[..##
### **
..#####'####))##
###.### 8 .##
#......## ##.....##
**


You could see 3 wights.

Vanquished Creatures
  A water moccasin skeleton (D:4)
  A wight (D:4)
  A hound (D:3)
  2 iguanas
  Natasha (thrice) (D:3)
  Terence (D:3)
  An orc wizard (D:4)
  4 adders
  An ufetubus (D:2)
  3 worms
  A dart slug (D:4)
  5 orcs
  11 ball pythons
  3 bats
  4 endoplasms
  3 giant cockroaches
  7 goblins
  5 hobgoblins
  3 jackals (D:2)
  3 quokkas
  2 frilled lizards (D:1)
  9 kobolds
  4 rats
78 creatures vanquished.

Notes
Turn   | Place    | Note
-------+----------+-------------------------------------------
     0 | D:1      | TheGoonsmith the Deep Dwarf Fighter began the quest for the
                  | Orb.
     0 | D:1      | Reached XP level 1. HP: 20/20 MP: 1/1
   139 | D:1      | Reached XP level 2. HP: 21/27 MP: 2/2
   752 | D:2      | Reached XP level 3. HP: 17/34 MP: 3/3
   783 | D:2      | Found a sacrificial altar of Ru.
  1130 | D:2      | Reached XP level 4. HP: 39/42 MP: 4/4
  1344 | D:3      | Noticed Terence
  1389 | D:3      | Noticed Natasha
  1393 | D:3      | Killed Natasha
  1407 | D:3      | Reached XP level 5. HP: 45/49 MP: 5/5
  1538 | D:3      | Noticed Natasha
  1541 | D:3      | Killed Natasha
  1562 | D:3      | Killed Terence
  1602 | D:3      | Reached skill level 5 in Axes
  1675 | D:3      | Noticed Natasha
  1681 | D:3      | Killed Natasha
  1915 | D:3      | Reached XP level 6. HP: 29/57 MP: 6/6
  2043 | D:4      | Noticed an orc warrior
  2090 | D:4      | Found a staircase to the Ecumenical Temple.
  2101 | Temple   | Entered the Ecumenical Temple
  2124 | Temple   | Became a worshipper of Makhleb the Destroyer
  2405 | D:4      | Reached skill level 5 in Armour
  2422 | D:4      | Slain by a wight

Illustrated notes

Levels and vault maps discovered:
D:1:      onia_arrival_pentagram, layout_loops_ring, nrook_loot_triangle,
          hangedman_decor_peaks_small, hangedman_feature_mirror, st_stairs_9
D:2:      layout_basic, basic_altar, chequers_serial_rivers_micro_e
D:3:      layout_loops_ring, uniq_natasha, uniq_terence
D:4:      layout_layer_cave, nicolae_overflow_hidden_temple,
          minmay_temple_entry_glassed_door, minivault_19
Temple:   lightli_temple_of_artemis

Skill      XL: |  1  2  3  4  5  6 |
---------------+-------------------+-----
Axes           | 3 4 5 |  5.8
Fighting       | 3 4 |  4.1
Armour         | 4 5 |  5.0
Shields        | |  3.2

Action                   |  1- 3 |  4- 6 || total
-------------------------+-------+-------++-------
Melee: War axe           |    93 |    83 ||   176
 Abil: Heal Wounds       |     1 |     4 ||     5
  Use: Potion            |       |     1 ||     1
       Scroll            |       |     4 ||     4
Armor: Scale mail        |    33 |    23 ||    56
Dodge: Dodged            |    52 |    31 ||    83
Block: Kite shield       |    43 |    42 ||    85

Table legend: (Time is in decaauts)
 A = Elapsed time spent in this place.
 B = Non-inter-level travel time spent in this place.
 C = Inter-level travel time spent in this place.
 D = Time resting spent in this place.
 E = Time spent auto-exploring this place.
 F = Levels seen in this place.
 G = Mean time per level.
                   A        B        C        D        E       F      G
               +--------+--------+--------+--------+--------+-----+--------+
         Total |   2517 |   2433 |     84 |      0 |   1863 |   5 |  503.4 |
       Dungeon |   2474 |   2410 |     64 |      0 |   1859 |   4 |  618.5 |
        Temple |     43 |     23 |     20 |      0 |      4 |   1 |   43.0 |
               +--------+--------+--------+--------+--------+-----+--------+

Top non-repeatable levels by time:
     D:1: 769 daAuts
     D:3: 664 daAuts
     D:2: 656 daAuts
     D:4: 384 daAuts
  Temple: 43 daAuts
